 Dungeon Sprint DCSS version 0.22-a0-614-g34fbaa0 (webtiles) character file.

11707 Krakonus1 the Executioner (level 11, -5/112 HPs)
             Began as a Hill Orc Monk on May 29, 2017.
             Was the Champion of Beogh.
             Killed by the air
             ... invoked by a spriggan air mage
              (13 damage)
             ... in the Dungeon (Sprint V: "Ziggurat Sprint") on July 18, 2018.
             The game lasted 00:20:09 (528 turns).

Krakonus1 the Executioner (Hill Orc Monk)            Turns: 528, Time: 00:20:09

Health: -5/112     AC: 36    Str: 34    XL:     11   Next: 81%
Magic:  13/13      EV:  3    Int: 14    God:    Beogh [******]
Gold:   0          SH: 33    Dex: 13    Spells: 10/10 levels left

rFire    . . .     SeeInvis +   S - +14 obsidian axe {chop, +Fly SInv *Curse}
rCold    . . .     Gourm    .   U - +18 shield of the Gong {rElec rN+ MR+ EV-5}
rNeg     + . .     Faith    .   T - +15 Maxwell's patent armour {-Cast -Tele rElec MR+ rCorr}
rPois    .         Spirit   .   (no helmet)
rElec    +         Reflect  .   a - +2 cloak {MR+}
rCorr    +         Harm     .   (no gloves)
MR       +++..     NoTele   +   A - +0 pair of boots of Disappointment {Int+4 Stlth+} Stlth ..........NoCast +
                                L - amulet "Dum Hiu" {Regen+ Str+4}
HPRegen  0.68/turn              C - +6 ring of strength
MPRegen  0.13/turn              D - +6 ring of strength

@: lethally poisoned (-5 -> -10), grasped by roots, mesmerised, very slow
A: walk on water
a: Smiting, Recall Orcish Followers, Give Item to Named Follower, Resurrection,
Renounce Religion, Evoke Flight


You were in the Dungeon.
You worshipped Beogh.
Beogh was exalted by your worship.
You were not hungry.

You visited 1 branch

Inventory:

Hand Weapons
 y - the +8 flail of Ympoffol {distort, *Slow rF+ Str+2}
   (You found it in the Dungeon)

   It warps and distorts space around it.
   Unwielding it can cause banishment or high damage.
   It affects your strength (+2).
   It protects you from fire.
   It may slow you when you take damage.
 S - the +14 obsidian axe (weapon) {chop, +Fly SInv *Curse}
   (You found it in the Dungeon)

   It inflicts extra damage upon your enemies.
   It lets you see invisible.
   It lets you fly.
   It curses itself when equipped.
Armour
 a - a +2 cloak of magic resistance (worn)
 A - the +0 pair of boots of Disappointment (worn) {Int+4 Stlth+}
   (You found it in the Dungeon)

   It affects your intelligence (+4).
   It makes you more stealthy.
 N - the +1 chain mail of Wetwab {*Corrode +Blink MP+9 Stlth+}
   (You found it in the Dungeon)

   It affects your magic capacity (+9).
   It lets you blink.
   It may corrode you when you take damage.
   It makes you more stealthy.
 T - the +15 Maxwell's patent armour (worn) {-Cast -Tele rElec MR+ rCorr}
   (You found it in the Dungeon)

   It insulates you from electricity.
   It affects your resistance to hostile enchantments.
   It prevents spellcasting.
   It prevents most forms of teleportation.
   It provides partial protection from all sources of acid and corrosion.
 U - the +18 shield of the Gong (worn) {rElec rN+ MR+ EV-5}
   (You found it in the Dungeon)

   It affects your evasion (-5).
   It insulates you from electricity.
   It protects you from negative energy.
   It affects your resistance to hostile enchantments.
 V - the +0 leather armour of Ashenzari's Pride {+Inv rCorr Str+3}
   (You found it in the Dungeon)

   It affects your strength (+3).
   It lets you turn invisible.
   It provides partial protection from all sources of acid and corrosion.
 Y - +2 shadow dragon scales
Jewellery
 b - an uncursed ring of protection from magic
 z - the ring of the Mantidfly {*Drain rN+ Int+8 Stlth+}
   (You found it in the Dungeon)

   [ring of stealth]

   It affects your intelligence (+8).
   It protects you from negative energy.
   It causes draining when unequipped.
   It makes you more stealthy.
 C - a +6 ring of strength (left hand)
 D - a +6 ring of strength (right hand)
 L - the amulet "Dum Hiu" (around neck) {Regen+ Str+4}
   (You found it in the Dungeon)

   [amulet of regeneration]

   It affects your strength (+4).
   It increases your rate of regeneration.
 P - an uncursed ring of flight
 Q - a +2 ring of evasion
 X - the ring "Giygug" {Str+4 Stlth+}
   (You found it in the Dungeon)

   [ring of stealth]

   It affects your strength (+4).
   It makes you more stealthy.
Wands
 E - a wand of disintegration (7)
 F - a wand of iceblast (5)
 G - a wand of removedness (5)
 H - a wand of acid (5)
Scrolls
 i - 4 scrolls of blinking
 p - 4 scrolls of amnesia
 q - 3 scrolls of removedness
 r - 7 scrolls of fog
 s - 2 scrolls of holy word
 t - 5 scrolls of identify
 u - 4 scrolls of remove curse
 v - 2 scrolls of fear
Potions
 d - 9 potions of curing
 e - 17 potions of heal wounds
 f - 13 potions of haste
 g - 7 potions of magic
 h - 3 potions of berserk rage
 j - 2 potions of brilliance
 k - 2 potions of invisibility
 l - 4 potions of resistance
 n - 5 potions of agility
 o - 5 potions of might
Miscellaneous
 m - 3 boxes of beasts
 B - a phantom mirror
 J - a phial of floods
 K - a crystal ball of energy
 M - a crystal ball of energy
 O - a lightning rod (4/4)
 R - a crystal ball of energy
 Z - a sack of spiders
Comestibles
 c - 5 rations
 w - 8 rations
 x - 4 rations


   Skills:
 + Level 15.2 Fighting
 * Level 21.4 Axes
 + Level 14.1 Armour
 - Level 2.4 Dodging
 - Level 1.5 Stealth
 + Level 14.0 Shields
 - Level 3.4 Invocations


You had 10 spell levels left.
You didn't know any spells.
Your spell library was empty.

Dungeon Overview and Level Annotations

Branches:
Dungeon (1/1)

Altars:
Ashenzari
Cheibriados
Dithmenos
Elyvilon
Fedhas
Gozag
Hepliaklqana
Kikubaaqudgha
Makhleb
Nemelex Xobeh
Okawaru
Qazlal
Ru
Sif Muna
Trog
Uskayaw
Vehumet
Wu Jian
Xom
Yredelemnul
Zin
The Shining One
Beogh
Jiyva
Lugonu


Message History

A shambling mangrove comes into view.
A spriggan air mage comes into view.
An apis comes into view.
Found four items.
You swap places.
A satyr comes into view.
It is wielding a quarterstaff of draining.
Visions of slaying the spriggan berserker flood into your mind.
You feel sick.
Thorny briars emerge from the ground!
The shambling mangrove reaches out with a gnarled limb.
Grasping roots rise from the ground around the shambling mangrove!
The spriggan berserker invokes Trog's protection!
The spriggan air mage waves its arms in wide circles.
The air twists around and strikes you!
Found six items.
Visions of slaying the spriggan berserker flood into your mind.
You feel sick.
Roots grasp at your feet, making movement difficult.
Roots rise up from beneath your hellwing and drag it to the ground.
The spriggan air mage waves its arms in wide circles.
The air twists around and strikes you!
You die...

▓▓▓▓▓▓▓▓▓▓▓▓
▓...8©8...▓...8©8...▓.
▓..[)}|)).▓..):)})..▓.
▓...ciRf..▓..}[.))..▓.
▓..i.Y..b.▓....o....▓.
▓.iiPY.f..▓..(......▓.
▓...PPPPPP▓...[.....▓.
▓...PPPPPP▓...[[....▓.
▓....@o...▓.........▓.
▓.▓.44..▓.▓.▓..)..▓.▓.
▓....3....▓....©....▓▓
▓▓▓▓▓▓▓▓▓▓▓▓▓▓▓▓▓▓▓▓▓


You could see 2 apis, a thorn hunter, a shambling mangrove, a satyr, 2 spriggan
berserkers, a dryad, 2 spriggan air magi, a friendly orc knight, a friendly
hellwing, a friendly ice devil and a friendly smoke demon.

Vanquished Creatures
  2 ironheart preservers (D)
  3 vault guards (D)
  An ice dragon (D)
  A swamp dragon (D)
  2 toenail golems (D)
  A vault sentinel (D)
  2 guardian mummies (D)
  A hornet (D)
  A redback (D)
  3 spriggans (D)
  A tarantella (D)
  A large abomination (D)
  A steam dragon (D)
  An acid dragon (D)
  A floating eye (D)
  2 orc warriors (D)
  A swamp drake (D)
  2 wolves (D)
  Blork the orc (D)
  4 scorpions (D)
  3 crimson imps (D)
  A quasit (D)
  Crazy Yiuf (D)
  3 mummies (D)
  A shadow imp (D)
  An ooze (D)
  An adder skeleton (D)
43 creatures vanquished.

Vanquished Creatures (collateral kills)
  A fire dragon (D)
  A rakshasa (D)
  A death scarab (D)
  A spriggan (D)
  2 swamp dragons (D)
  A toenail golem (D)
  A yaktaur (D)
  A hornet (D)
  A flying skull (D)
  Sigmund (D)
  A golden eye (D)
  2 acid dragons (D)
  A wolf (D)
  Jessica (D)
  2 oozes (D)
  A bat skeleton (D)
19 creatures vanquished.

Vanquished Creatures (others)
  An orc warrior (D)
  An orc knight (D)
  2 orc priests (D)
  An orc wizard (D)
5 creatures vanquished.

Grand Total: 67 creatures vanquished

Notes
Turn   | Place    | Note
-------+----------+-------------------------------------------
     0 | D        | Krakonus1 the Hill Orc Monk began the quest for the Orb.
     0 | D        | Reached XP level 1. HP: 19/19 MP: 1/1
     0 | D        | Found a deep blue altar of Sif Muna.
     0 | D        | Found a sacrificial altar of Ru.
     0 | D        | Found a bloodstained altar of Trog.
     0 | D        | Found a stormy altar of Qazlal.
     0 | D        | Found an iron altar of Okawaru.
     0 | D        | Found a sparkling altar of Nemelex Xobeh.
     0 | D        | Found a blossoming altar of Fedhas.
     2 | D        | Found a transporter.
     2 | D        | Found an ancient bone altar of Kikubaaqudgha.
     2 | D        | Found a viscous altar of Jiyva.
     2 | D        | Found a corrupted altar of Lugonu.
     2 | D        | Found a hazy altar of Hepliaklqana.
     2 | D        | Found a burning altar of Makhleb.
     2 | D        | Found an opulent altar of Gozag.
    57 | D        | Krakonus1: ??crystal plate armour
    57 | D        | beem: crystal plate armour[1/2]: 14AC, 23ER.
   117 | D        | Reached skill level 5 in Axes
   117 | D        | Reached XP level 2. HP: 28/28 MP: 1/4
   152 | D        | Became a worshipper of Beogh the Brigand
   152 | D        | Reached * piety under Beogh
   152 | D        | Reached ** piety under Beogh
   162 | D        | Entered arena 2.
   162 | D        | Noticed a crimson imp
   162 | D        | Found a transporter.
   164 | D        | Killed a crimson imp
   164 | D        | Reached skill level 5 in Fighting
   164 | D        | Reached skill level 6 in Axes
   165 | D        | Reached XP level 3. HP: 36/36 MP: 5/5
   170 | D        | Entered arena 3.
   170 | D        | Noticed a toenail golem
   170 | D        | Noticed a toenail golem
   170 | D        | Noticed a toenail golem
   170 | D        | Found a transporter.
   175 | D        | Killed a toenail golem
   175 | D        | Reached skill level 10 in Axes
   175 | D        | Reached XP level 4. HP: 48/48 MP: 6/6
   175 | D        | Reached XP level 5. HP: 53/53 MP: 7/7
   175 | D        | Reached XP level 6. HP: 61/61 MP: 8/8
   177 | D        | Killed a toenail golem
   177 | D        | Reached *** piety under Beogh
   177 | D        | Reached skill level 12 in Axes
   177 | D        | Reached XP level 7. HP: 70/70 MP: 9/9
   178 | D        | Killed a toenail golem
   178 | D        | Reached skill level 13 in Axes
   178 | D        | Reached XP level 8. HP: 79/79 MP: 10/10
   192 | D        | Entered arena 4.
   192 | D        | Noticed a large abomination
   192 | D        | Found a transporter.
   197 | D        | Killed a large abomination
   197 | D        | Reached **** piety under Beogh
   197 | D        | Reached skill level 10 in Fighting
   205 | D        | Entered arena 5.
   205 | D        | Noticed Sigmund
   205 | D        | Noticed Jessica
   205 | D        | Noticed Blork the orc
   205 | D        | Noticed Crazy Yiuf
   205 | D        | Found a transporter.
   208 | D        | Killed Crazy Yiuf
   208 | D        | Killed Jessica
   208 | D        | Reached skill level 14 in Axes
   211 | D        | Killed Blork the orc
   211 | D        | Killed Sigmund
   211 | D        | Reached ***** piety under Beogh
   222 | D        | Entered arena 6.
   222 | D        | Found a transporter.
   241 | D        | Entered arena 7.
   241 | D        | Noticed a redback
   241 | D        | Noticed a tarantella
   242 | D        | Found a transporter.
   245 | D        | Killed a redback
   245 | D        | Reached skill level 15 in Axes
   245 | D        | Killed a tarantella
   245 | D        | Reached skill level 10 in Armour
   245 | D        | Reached skill level 10 in Shields
   245 | D        | Reached XP level 9. HP: 89/89 MP: 11/11
   246 | D        | Reached ****** piety under Beogh
   264 | D        | Entered arena 8.
   265 | D        | Found a transporter.
   278 | D        | Got the cursed +0 pair of boots of Disappointment {Int+4 Stlth+}
   286 | D        | Entered arena 9.
   286 | D        | Noticed a spriggan rider
   286 | D        | Noticed a spriggan rider
   287 | D        | Found a transporter.
   290 | D        | Reached skill level 16 in Axes
   299 | D        | Killed a spriggan rider
   299 | D        | Gained Marbork as an ally
   299 | D        | Killed a hornet
   299 | D        | Reached skill level 17 in Axes
   300 | D        | Killed a spriggan rider
   300 | D        | Killed a hornet
   300 | D        | Reached XP level 10. HP: 95/97 MP: 12/12
   322 | D        | Got the amulet "Dum Hiu" {Regen+ Str+4}
   334 | D        | Entered arena 10.
   334 | D        | Noticed an ironheart preserver
   334 | D        | Noticed an ironheart preserver
   334 | D        | Noticed a vault guard
   334 | D        | Noticed a vault guard
   334 | D        | Noticed a vault guard
   334 | D        | Noticed a vault sentinel
   334 | D        | Noticed a rakshasa
   335 | D        | Found a transporter.
   340 | D        | Killed a vault guard
   340 | D        | Reached skill level 18 in Axes
   342 | D        | Killed a vault guard
   345 | D        | Killed an ironheart preserver
   345 | D        | Reached skill level 19 in Axes
   346 | D        | Killed a vault guard
   346 | D        | Reached XP level 11. HP: 88/108 MP: 13/13
   348 | D        | Killed an ironheart preserver
   353 | D        | Killed a rakshasa
   353 | D        | Reached skill level 20 in Axes
   369 | D        | Got the +1 chain mail of Wetwab {*Corrode +Blink MP+9 Stlth+}
   374 | D        | Got the +0 leather armour of Ashenzari's Pride {+Inv rCorr Str+3}
   382 | D        | Entered arena 11.
   382 | D        | Noticed a death scarab
   383 | D        | Found a transporter.
   393 | D        | Killed a death scarab
   402 | D        | Got the ring "Giygug" {Str+4 Stlth+}
   418 | D        | Got the +8 flail of Ympoffol {distort, *Slow rF+ Str+2}
   492 | D        | Entered arena 12.
   492 | D        | Noticed a swamp dragon
   492 | D        | Noticed a fire dragon
   493 | D        | Noticed an ice dragon
   493 | D        | Noticed a swamp dragon
   493 | D        | Noticed a swamp dragon
   494 | D        | Found a transporter.
   499 | D        | Killed a fire dragon
   502 | D        | Killed a swamp dragon
   506 | D        | Killed a swamp dragon
   506 | D        | Reached skill level 21 in Axes
   506 | D        | Killed an ice dragon
   506 | D        | Reached skill level 15 in Fighting
   510 | D        | Killed a swamp dragon
   523 | D        | Got the ring of the Mantidfly {*Drain rN+ Int+8 Stlth+}
   526 | D        | Entered arena 13.
   526 | D        | Noticed a spriggan air mage
   526 | D        | Noticed a spriggan berserker
   526 | D        | Noticed an apis
   526 | D        | Noticed a thorn hunter
   526 | D        | HP: 11/112 [poison (poison gas)]
   526 | D        | Noticed a spriggan berserker
   526 | D        | Noticed a shambling mangrove
   526 | D        | Noticed a spriggan air mage
   526 | D        | Noticed an apis
   527 | D        | Noticed a satyr
   528 | D        | Found a transporter.
   528 | D        | Killed from afar by a spriggan air mage

Vault maps used:
D:        sprint_v

Skill      XL: |  1  2  3  4  5  6  7  8  9 10 11 |
---------------+----------------------------------+-----
Fighting       | 4 5 7 9 11 12 13 15 | 15.2
Axes           | 5 6 10 12 13 15 17 19 21 | 21.4
Armour         | 4 6 7 8 10 11 12 14 | 14.1
Shields        | 4 6 7 8 10 11 12 14 | 14.0
Invocations    | 3 |  3.4
Dodging        | |  2.4
Stealth        | |  1.5

Action                   |  1- 3 |  4- 6 |  7- 9 | 10-12 || total
-------------------------+-------+-------+-------+-------++-------
Melee: Broad axe         |     4 |     2 |    32 |    36 ||    74
Invok: Give Item to Name |       |       |       |     1 ||     1
  Use: Potion            |     1 |       |       |     2 ||     3
       Scroll            |       |       |     2 |       ||     2
 Stab: Distracted        |       |       |     1 |       ||     1
Armor: Plate armour      |     5 |     1 |     6 |    27 ||    39
Dodge: Dodged            |       |       |     1 |     1 ||     2
Block: Shield            |     8 |     4 |    45 |    62 ||   119

Table legend:
 A = Spawn XP
 B = Non-spawn XP
 C = Spawn XP percentage of total XP
 D = Spawn monster count
 E = Non-spawn monster count
 F = Spawn count percentage of total count
 G = Total turns spent on level
                    A         B        C        D         E        F      G
               +---------+---------+-------+---------+---------+-------+---------
         Total |       0 |       0 |   N/A |       0 |       0 |   N/A |    12
               +---------+---------+-------+---------+---------+-------+---------
               +---------+---------+-------+---------+---------+-------+---------
